 Dungeon Crawl Stone Soup version 0.19-a0-1697-g0595f0e (webtiles) character file.

246 Alarkh the Magician (level 5, -1/35 HPs)
             Began as a Mummy Earth Elementalist on Sept 26, 2016.
             Slain by a centaur (4 damage)
             ... on level 3 of the Dungeon.
             The game lasted 00:05:06 (2219 turns).

Alarkh the Magician (Mummy Earth Elementalist)      Turns: 2219, Time: 00:05:06

Health: -1/35      AC:  5    Str: 12    XL:     5   Next: 84%
Magic:  0/10       EV: 12    Int: 15    God:
Gold:   79         SH:  0    Dex: 12    Spells: 2 memorised, 7 levels left

rFire  x . .     SeeInvis .     a - +0 quarterstaff
rCold  + . .     Gourm    .     c - +0 robe
rNeg   + + +     Faith    .     (shield currently unavailable)
rPois  ∞         Spirit   .     (no helmet)
rElec  .         Dismiss  .     p - +0 cloak
rCorr  .         Reflect  .     (no gloves)
MR     .....     Harm     .     l - +0 pair of boots (curse)
Stlth  +++.......               (no amulet)
                                (no ring)
                                f - ring of stealth

@: very slightly contaminated
A: no food or potions, fire vulnerability, cold resistance 1, negative energy
resistance 3, torment resistance, unbreathing
a: no special abilities


You were on level 3 of the Dungeon.
You were not hungry.

You visited 1 branch of the dungeon, and saw 3 of its levels.

You collected 79 gold pieces.

Inventory:

Hand Weapons
 a - a +0 quarterstaff (weapon)
 m - a +0 dagger
 o - a +2 quarterstaff of chaos
 s - a +0 flail
Missiles
 b - 35 stones (quivered)
Armour
 c - a +0 robe (worn)
 l - a cursed +0 pair of boots (worn)
 p - a +0 cloak (worn)
Jewellery
 f - a ring of stealth (left hand)
 j - an uncursed ring of ice
Scrolls
 e - a scroll of identify
 g - 2 scrolls of enchant armour
 h - 3 scrolls of amnesia
 i - 2 scrolls of recharging {unknown}
 k - 3 scrolls of fog {unknown}
 n - a scroll of remove curse {unknown}
 q - a scroll of random uselessness {unknown}
 r - a scroll of blinking {unknown}
Books
 d - a book of Geomancy

   Spells                             Type                      Level
   a - Sandblast                      Earth                        1
   b - Passwall                       Transmutation/Earth          2
   c - Stone Arrow                    Conjuration/Earth            3
   d - Petrify                        Transmutation/Earth          4
   e - Lee's Rapid Deconstruction     Earth                        5


   Skills:
 * Level 1.3 Staves
 - Level 1.5 Dodging
 - Level 1.5 Stealth
 + Level 3.6 Spellcasting
 + Level 2.0 Conjurations
   Level 0.7 Transmutations
 + Level 3.6 Earth Magic


You had 7 spell levels left.
You knew the following spells:

 Your Spells              Type           Power        Failure   Level  Hunger
a - Sandblast             Erth           ##....       4%          1    N/A
b - Stone Arrow           Conj/Erth      ##....       21%         3    N/A

Dungeon Overview and Level Annotations

Branches:
Dungeon (3/15)

Altars:
Ru


Innate Abilities, Weirdness & Mutations

You do not eat or drink.
Your flesh is vulnerable to fire.
You are immune to poison.
Your flesh is cold resistant. (rC+)
You are immune to negative energy. (rN+++)
You are immune to unholy pain and torment.
You can survive without breathing.


Message History

Confirm with . or Enter, or press ? or * to list all spells.
Aiming: Sandblast
Press: ? - help, Shift-Dir - straight line, f/p - centaur
Aim: a centaur (almost dead)
The rocky blast hits the centaur.
The centaur is almost dead.
The centaur hits you.
Casting: Sandblast
Confirm with . or Enter, or press ? or * to list all spells.
Aiming: Sandblast
Press: ? - help, Shift-Dir - straight line, f/p - centaur
Aim: a centaur (almost dead)
The rocky blast misses the centaur.
The centaur hits you. x2
a - a +0 quarterstaff (weapon)
You hit the centaur but do no damage.
The centaur is almost dead.
The centaur hits you!
* * * LOW HITPOINT WARNING * * *
The centaur hits you.
You die...

####)...........<.#
####......).....(.#
...#..............#
##................####
###..................#
#....................#
...........).........######
#..#..).........c.........##
...#.#..........@)...#.....######
..##.#...............#...........
.###.................####........
##..................## #........
##.#..÷..............# ##.......
##.#.................# #.......
#..#.........#......(############
..##.......#########..(.##
####<......#..).((...##..#


You could see a centaur.

Vanquished Creatures
  Crazy Yiuf (D:2)
  An orc priest (D:3)
  An orc wizard (D:3)
  5 adders
  4 gnolls (D:2)
  2 oozes
  3 worms
  A dart slug (D:2)
  A leopard gecko (D:2)
  3 orcs
  6 bats
  2 giant cockroaches
  5 goblins
  10 hobgoblins
  2 quokkas
  2 ball pythons (D:3)
  3 frilled lizards (D:2)
  7 kobolds
  4 rats
63 creatures vanquished.

Notes
Turn   | Place    | Note
-------+----------+-------------------------------------------
     0 | D:1      | Alarkh the Mummy Earth Elementalist began the quest for the Orb.
     0 | D:1      | Reached XP level 1. HP: 13/13 MP: 3/3
     1 | D:1      | Noticed an electric eel
   265 | D:1      | Reached XP level 2. HP: 19/19 MP: 1/5
   678 | D:2      | Reached XP level 3. HP: 22/24 MP: 1/7
   742 | D:2      | Learned a level 3 spell: Stone Arrow
   852 | D:2      | Found a faded altar of an unknown god.
   909 | D:2      | Became a worshipper of Ru the Awakened
   909 | D:2      | Fell from the grace of Ru
  1100 | D:2      | Reached XP level 4. HP: 19/30 MP: 0/8
  1120 | D:2      | Reached skill level 1 in Conjurations
  1442 | D:2      | Found a runed door.
  1593 | D:2      | Noticed Crazy Yiuf
  1598 | D:2      | Killed Crazy Yiuf
  1598 | D:2      | Reached XP level 5. HP: 35/35 MP: 2/10
  1862 | D:3      | Noticed a centaur
  2027 | D:3      | Reached skill level 1 in Staves
  2219 | D:3      | Slain by a centaur

Vault maps used:
D:1:      arrival_aquarium_a
D:2:      ecumenical_altar_1, uniq_crazy_yiuf_cottage
D:3:      minmay_wonky_spiral

Skill      XL: |  1  2  3  4  5 |
---------------+----------------+-----
Earth Magic    | 3 |  3.6
Spellcasting   | 3 |  3.6
Conjurations   | 1 2 |  2.0
Staves         | 1 |  1.3
Dodging        | |  1.5
Stealth        | |  1.5
Transmutations | |  0.7

Action                   |  1- 3 |  4- 6 || total
-------------------------+-------+-------++-------
Melee: Dagger            |    13 |       ||    13
       Flail             |       |    23 ||    23
       Quarterstaff      |       |     1 ||     1
 Cast: Sandblast         |    56 |    83 ||   139
Invok: Renounce Religion |     1 |       ||     1
  Use: Scroll            |     2 |       ||     2
 Stab: Sleeping          |     1 |       ||     1
Armor: Robe              |     5 |    17 ||    22
Dodge: Dodged            |    19 |    53 ||    72
